Map: [ESL] Oceanborn

Players

Stats - Winner!

  • Race: Protoss Protoss
  • League: Master
  • Spawn Location: 5:00

NightMare

  • Race: Protoss Protoss
  • League: Master
  • Spawn Location: 11:00

VOD

Have the link to the VOD?

Description

Time

  • Played on: Dec. 5, 2023, 5:03 a.m.
  • Length: 11:06
Show
View Real Time Build Order
Export as new Build Order

Stats Protoss - Winner!

Build Orders:  

Get SALT Encoding   

  12  0:00  Probe  
  13  0:12  Probe  
  14  0:17  Pylon  
  14  0:24  Probe (Chrono Boost)  
  15  0:36  Gateway, Probe (Chrono Boost)  
  16  0:45  Assimilator, Probe (Chrono Boost)  
  17  0:50  Probe  
  17  0:54  Assimilator  
  18  1:03  Probe (Chrono Boost)  
  19  1:07  Gateway  
  19  1:14  Probe (Chrono Boost)  
  20  1:18  Probe (Chrono Boost)  
  20  1:24  Cybernetics Core  
  21  1:29  Probe  
  22  1:33  Pylon  
  22  1:41  Probe  
  23  1:53  Probe  
  24  2:01  Stalker x2  
  28  2:02  Warp Gate  
  28  2:07  Probe  
  29  2:12  Pylon  
  29  2:30  Stalker  
  29  2:31  Stalker  
  32  2:53  Nexus  
  32  3:00  Sentry  
  32  3:01  Sentry  
  32  3:03  Probe  
  37  3:09  Pylon  
  37  3:15  Probe  
  37  3:18  Shield Battery  
  38  3:27  Probe  
  39  3:40  Probe  
  38  3:47  Shield Battery  
  38  3:48  Robotics Facility  
  36  3:51  Sentry  
  36  3:55  Stalker  
  40  4:00  Probe  
  41  4:17  Stalker  
  41  4:21  Stalker  
  45  4:27  Pylon  
  45  4:33  Immortal (Chrono Boost)  
  49  4:42  Sentry  
  51  4:45  Stalker  
  51  4:49  Shield Battery  
  53  5:05  Immortal (Chrono Boost)  
  57  5:14  Stalker, Zealot  
  39  5:30  Pylon  
  39  5:34  Probe x2  
  37  5:36  Stalker  
  37  5:38  Stalker  
  34  5:51  Probe x2  
  34  5:53  Immortal (Chrono Boost)  
  40  6:03  Probe x2  
  42  6:11  Zealot  
  42  6:12  Zealot  
  46  6:22  Warp Prism (Chrono Boost)  
  46  6:25  Probe x2  
  50  6:39  Stalker  
  49  6:41  Stalker  
  51  6:52  Immortal  
  51  7:10  Stalker x2  
  51  7:14  Probe x2  
  55  7:26  Probe x2  
  53  7:32  Warp Prism  
  52  7:41  Sentry  
  52  7:43  Probe  
  55  7:46  Probe (Chrono Boost)  
  56  7:57  Probe (Chrono Boost)  
  57  7:59  Probe (Chrono Boost)  
  58  8:06  Observer  
  58  8:07  Probe x2 (Chrono Boost)  
  59  8:25  Stalker  
  37  8:34  Stalker  
  39  8:48  Immortal (Chrono Boost)  
  37  8:54  Zealot  
  43  9:00  Zealot  
  43  9:03  Gateway, Probe x2  
  43  9:04  Gateway  
  45  9:15  Probe x2  
  47  9:17  Immortal (Chrono Boost)  
  51  9:28  Shield Battery  
  51  9:29  Stalker  
  51  9:30  Stalker  
  55  9:42  Probe x2  
  55  9:45  Warp Prism (Chrono Boost)  
  57  9:48  Pylon  
  59  9:53  Adept  
  59  9:54  Adept  
  60  10:05  Probe  
  60  10:06  Probe  
  59  10:23  Immortal  
  61  10:29  Stalker x2  
  63  10:36  Probe x2  
Show
View Real Time Build Order
Export as new Build Order

NightMare Protoss 

Build Orders:  

Get SALT Encoding   

  12  0:00  Probe  
  13  0:12  Probe  
  14  0:17  Pylon  
  14  0:24  Probe (Chrono Boost)  
  15  0:36  Probe (Chrono Boost)  
  15  0:37  Gateway  
  16  0:45  Probe (Chrono Boost)  
  16  0:46  Assimilator  
  17  0:50  Probe  
  18  0:58  Assimilator  
  18  1:03  Probe (Chrono Boost)  
  19  1:08  Gateway  
  19  1:13  Probe (Chrono Boost)  
  19  1:17  Probe (Chrono Boost)  
  20  1:24  Cybernetics Core  
  21  1:30  Probe  
  22  1:37  Pylon  
  22  1:42  Probe  
  23  1:55  Probe  
  23  2:01  Warp Gate (Chrono Boost)  
  24  2:03  Stalker x2  
  28  2:11  Shield Battery  
  28  2:18  Pylon  
  28  2:25  Pylon  
  28  2:37  Stalker x2  
  32  2:46  Robotics Facility  
  32  2:49  Gateway  
  32  3:01  Pylon  
  32  3:10  Stalker x2  
  33  3:42  Warp Prism (Chrono Boost)  
  33  3:48  Stalker  
  35  3:49  Stalker  
  35  3:51  Stalker  
  39  4:00  Pylon  
  39  4:14  Stalker x2  
  43  4:20  Stalker  
  45  4:41  Stalker x2  
  45  4:44  Stalker  
  51  4:51  Pylon  
  49  5:15  Stalker x3  
  47  5:27  Warp Prism (Chrono Boost)  
  33  5:47  Adept x2  
  33  5:48  Adept  
  37  6:07  Stalker x2  
  41  6:12  Stalker  
  43  6:40  Adept x3  
  43  6:46  Immortal (Chrono Boost)  
  41  7:09  Adept x3  
  47  7:35  Stalker x2  
  49  7:39  Stalker  
  51  8:02  Stalker  
  51  8:03  Stalker x2  
  57  8:07  Pylon  
  43  8:31  Stalker x3  
  47  8:40  Warp Prism (Chrono Boost)  
  35  9:03  Adept x2  
  39  9:13  Stalker  
  41  9:27  Sentry x2  
  45  9:36  Stalker  
  47  10:04  Stalker x2  
  51  10:11  Stalker  
  45  10:41  Stalker x3  
Tags
 
Add a new tag
Caveats
  • Supply blocks, unpowered buildings, or Contaminate may cause inaccurate times.
  • Supply counts are checked every 10 seconds.